 Dungeon Crawl Stone Soup version 0.22-a0-223-g0f5d773 (webtiles) character file.

22314 varam the Trollish Aeon (level 12, -3/115 HPs)
             Began as a Troll Fighter on Feb 18, 2018.
             Was the Champion of Cheibriados.
             Splashed by an oklob plant's acid (12 damage)
             ... on level 2 of the Lair of Beasts.
             The game lasted 00:47:27 (10008 turns).

varam the Trollish Aeon (Troll Fighter)            Turns: 10008, Time: 00:47:28

Health: -3/115     AC:  5    Str: 42    XL:     12   Next: 61%
Magic:  28/28      EV: 13    Int: 28    God:    Cheibriados [******]
Gold:   627        SH: 15    Dex: 24    Spells: 11/11 levels left

rFire    . . .     SeeInvis .     - Unarmed
rCold    + . .     Gourm    +   b - +1 shield
rNeg     . . .     Faith    .   N - +2 robe {MR+}
rPois    +         Spirit   .   M - +3 hat of Pondering {ponderous, MR+ MP+10 Int+5}
rElec    .         Reflect  .   l - +0 cloak
rCorr    .         Harm     .   (gloves unavailable)
MR       ++...                  (boots unavailable)
Stlth    ++........             v - amulet of magic regeneration
HPRegen  0.69/turn              p - ring of poison resistance
MPRegen  0.46/turn              (no ring)

@: corroded, very slow
A: large, unfitting armour, claws 3, yellow scales 1, cold resistance 1, fast
metabolism 3, gourmand, sense surroundings 1, regeneration 1, shaggy fur 1,
tough skin 2
a: Bend Time, Temporal Distortion, Slouch, Step From Time, Renounce Religion


You were on level 2 of the Lair of Beasts.
You worshipped Cheibriados.
Cheibriados was exalted by your worship.
You were full.

You visited 3 branches of the dungeon, and saw 16 of its levels.

You collected 855 gold pieces.
You spent 228 gold pieces at shops.

Inventory:

Hand Weapons
 h - a +0 hunting sling
Missiles
 t - 17 tomahawks (quivered)
 B - 6 javelins
 E - 7 large rocks
 O - 25 sling bullets
Armour
 b - a +1 shield (worn)
 l - a +0 cloak (worn)
 H - a +0 troll leather armour
 M - the +3 hat of Pondering (worn) {ponderous, MR+ MP+10 Int+5}
   (You took it off Gastronok on level 1 of the Lair of Beasts)

   It affects your intelligence (+5).
   It affects your resistance to hostile enchantments.
   It affects your magic capacity (+10).
 N - a +2 robe of magic resistance (worn)
 Q - a scarf of resistance
Jewellery
 p - a ring of poison resistance (left claw)
 v - an amulet of magic regeneration (around neck)
Wands
 c - a wand of flame (37)
 z - a wand of acid (18)
 A - a wand of disintegration (7)
 G - a wand of iceblast (4)
 K - a wand of polymorph (6)
 L - a wand of enslavement (12)
Scrolls
 a - 2 scrolls of brand weapon {unknown}
 f - 6 scrolls of enchant armour
 g - 5 scrolls of amnesia
 j - 4 scrolls of immolation
 m - 3 scrolls of noise
 n - 4 scrolls of magic mapping
 o - 4 scrolls of fear
 q - 7 scrolls of enchant weapon
 r - 7 scrolls of teleportation
 x - a scroll of blinking
 y - 4 scrolls of identify
 C - 4 scrolls of remove curse
 D - a scroll of holy word {unknown}
Potions
 e - 2 potions of brilliance
 i - 5 potions of curing
 k - 4 potions of heal wounds
 s - 2 potions of flight
 u - 2 potions of agility {unknown}
 w - a potion of lignification {unknown}
 F - 2 potions of magic {unknown}
 I - a potion of berserk rage {unknown}
 P - a potion of ambrosia {unknown}
Miscellaneous
 J - a sack of spiders
Comestibles
 d - 39 rations


   Skills:
 + Level 6.8 Fighting
 + Level 8.1 Throwing
 - Level 4.0 Dodging
 - Level 9.1 Shields
 * Level 9.2 Unarmed Combat
 - Level 10.3 Invocations


You had 11 spell levels left.
You didn't know any spells.

Dungeon Overview and Level Annotations

Branches:
Dungeon (13/15)            Temple (1/1) D:5            Lair (2/6) D:10
    Orc (0/2) D:12
  Swamp: Lair:2-4    Shoals: Lair:2-4     Snake: Lair:2-4    Spider: Lair:2-4
 Vaults: D:13-14

Altars:
Ashenzari
Cheibriados
Dithmenos
Elyvilon
Fedhas
Gozag
Hepliaklqana
Kikubaaqudgha
Makhleb
Nemelex Xobeh
Okawaru
Qazlal
Sif Muna
Trog
Uskayaw
Vehumet
Wu Jian
Xom
Yredelemnul
Zin
The Shining One

Shops:
D:6 !

Annotations:
Lair:2 exclusion: 4 oklob plants


Innate Abilities, Weirdness & Mutations

You are too large for most types of armour.
You have claws for hands.
Your metabolism is lightning-fast.
You like to eat raw meat.
Your natural rate of healing is unusually fast.
You are covered in fur. (AC +1)
You have very tough skin. (AC +2)
You are partially covered in yellow scales. (AC +2)
Your flesh is cold resistant. (rC+)
You passively map a small area around you.


Message History

The oklob plant spits acid at you. You block the splash of acid.
The oklob plant spits acid at you. The splash of acid hits you!
The acid corrodes you!
You are splashed with acid!
The acid burns!
The oklob plant spits acid at you. The splash of acid hits you!
The acid corrodes you!
You are splashed with acid!
The acid burns!
The oklob plant spits acid at you. You block the splash of acid.
The oklob plant spits acid at you. The splash of acid hits you!
* * * LOW HITPOINT WARNING * * *
You are splashed with acid!
The acid burns!
* * * LOW HITPOINT WARNING * * *
The oklob plant spits acid at you. The splash of acid hits you!
* * * LOW HITPOINT WARNING * * *
You are splashed with acid!
The acid burns!
You die...

, *, * .# , ## #### ..
###.#+#..## ###..
##.........# ###P##+ ,
#P........#### #.....> **
#.........##.###......
,##.........###.##......
.##...........P...+......
........@.......#........
,
..#.....#.PPPP####.......
#*####..#$?(.$# #.#......
*, #.##$PPPP# ##.#####. *
## #$.$./# ### #. #$...$#
## #.$=..# #######


You could see 4 oklob plants.

Vanquished Creatures
  Gastronok (Lair:1)
  Erica (Lair:1)
  8 two-headed ogres
  Pikel (D:7)
  2 cyclopes
  An ugly thing (D:11)
  5 spiny frogs
  Psyche (D:8)
  Grinder (D:4)
  A queen bee (Lair:1)
  3 trolls
  A blink frog (Lair:2)
  2 hippogriffs
  Sigmund (D:6)
  2 shadows
  2 wraiths (D:10)
  A wyvern (D:11)
  7 yaks
  Eustachio (D:4)
  2 water moccasins
  A soldier ant (D:11)
  Duvessa (D:7)
  2 ice beasts
  6 orc warriors
  A sky beast (D:11)
  A slave (D:7)
  6 ogres
  8 phantoms
  3 centaurs
  4 wolves (D:10)
  2 big kobolds
  A crocodile (Lair:2)
  9 bullfrogs
  Dowan (D:7)
  3 scorpions
  24 killer bees (Lair:1)
  13 wights
  3 electric eels (D:10)
  7 howler monkeys
  4 crimson imps
  2 centaur zombies
  9 orc priests
  4 jellies
  9 hounds
  13 orc wizards
  3 bullfrog skeletons
  Crazy Yiuf (D:3)
  A centaur skeleton (D:6)
  Jessica (D:3)
  8 iguanas
  7 worker ants
  A hound zombie (D:7)
  The ghost of 4thArraOfDagon the Vexing, a weakling OpAM (D:3)
  A hound skeleton (D:8)
  A howler monkey zombie (D:7)
  A worker ant zombie (D:8)
  A gnoll (D:11)
  14 adders
  A howler monkey skeleton (D:8)
  4 shadow imps
  An ooze (D:2)
  An adder skeleton (D:4)
  2 adder zombies
  5 worms
  A dart slug (D:2)
  4 leopard geckos
  65 orcs
  6 giant cockroaches
  12 goblins
  12 hobgoblins
  5 jackals
  4 quokkas
  A ball python skeleton (D:5)
  4 bats
  2 frilled lizards
  12 kobolds
  A leopard gecko zombie (D:6)
  A quokka skeleton (D:9)
  3 rats
369 creatures vanquished.

Vanquished Creatures (others)
  An ogre (D:7)
  A human (D:2)
  A bullfrog skeleton (D:7)
  An iguana (D:7)
  A quokka (D:7)
  2 bushes
  A plant (Lair:2)
8 creatures vanquished.

Grand Total: 377 creatures vanquished

Notes
Turn   | Place    | Note
-------+----------+-------------------------------------------
     0 | D:1      | varam the Troll Fighter began the quest for the Orb.
     0 | D:1      | Reached XP level 1. HP: 22/22 MP: 0/0
   160 | D:1      | Reached XP level 2. HP: 29/29 MP: 1/1
   270 | D:1      | Reached skill level 3 in Unarmed Combat
   646 | D:2      | Reached XP level 3. HP: 36/36 MP: 2/2
   742 | D:2      | Found a white marble altar of Elyvilon.
  1010 | D:2      | Reached XP level 4. HP: 39/44 MP: 3/3
  1013 | D:2      | Reached skill level 4 in Unarmed Combat
  1032 | D:2      | Reached skill level 3 in Shields
  1290 | D:2      | Found an ancient bone altar of Kikubaaqudgha.
  1290 | D:2      | Noticed a human
  1295 | D:2      | Killed a human
  1450 | D:3      | Noticed 4thArraOfDagon's ghost (weakling OpAM)
  1470 | D:3      | Killed 4thArraOfDagon's ghost
  1470 | D:3      | Reached XP level 5. HP: 34/50 MP: 4/4
  1534 | D:4      | Reached skill level 5 in Unarmed Combat
  1548 | D:4      | Noticed Eustachio
  1563 | D:4      | Killed Eustachio
  1563 | D:4      | Reached XP level 6. HP: 45/59 MP: 5/5
  1586 | D:4      | Reached skill level 6 in Unarmed Combat
  1607 | D:4      | Reached skill level 4 in Shields
  1634 | D:4      | Reached XP level 7. HP: 40/66 MP: 6/6
  1867 | D:3      | Noticed Jessica
  1874 | D:3      | Killed Jessica
  2093 | D:3      | Found a sparkling altar of Nemelex Xobeh.
  2201 | D:3      | Found a runed door.
  2225 | D:3      | Found a faded altar of an unknown god.
  2249 | D:3      | Noticed Crazy Yiuf
  2255 | D:3      | Killed Crazy Yiuf
  2255 | D:3      | Reached skill level 7 in Unarmed Combat
  2530 | D:4      | Noticed Grinder
  2532 | D:4      | Paralysed by Grinder for 3 turns
  2543 | D:4      | Killed Grinder
  2543 | D:4      | Reached skill level 5 in Shields
  2543 | D:4      | Reached skill level 8 in Unarmed Combat
  2543 | D:4      | Reached XP level 8. HP: 63/74 MP: 7/7
  2690 | D:5      | Entered Level 5 of the Dungeon
  2732 | D:5      | Reached skill level 3 in Fighting
  2775 | D:5      | Found a staircase to the Ecumenical Temple.
  2800 | Temple   | Entered the Ecumenical Temple
  2832 | Temple   | Became a worshipper of Cheibriados the Contemplative
  3016 | D:6      | Found Woetz's Distillery.
  3035 | D:6      | Bought a potion of curing for 36 gold pieces
  3035 | D:6      | Bought a potion of curing for 36 gold pieces
  3035 | D:6      | Bought a potion of heal wounds for 60 gold pieces
  3035 | D:6      | Bought a potion of mutation for 96 gold pieces
  3035 | D:6      | Gained mutation: Your flesh is cold resistant. (rC+) [potion of mutation]
  3035 | D:6      | Gained mutation: You passively map a small area around you. [potion of mutation]
  3035 | D:6      | Gained mutation: You are partially covered in yellow scales. (AC +2) [potion of mutation]
  3616 | D:6      | Reached skill level 4 in Fighting
  3616 | D:6      | Reached skill level 6 in Shields
  3622 | D:6      | Noticed Sigmund
  3648 | D:6      | Killed Sigmund
  3821 | D:6      | Reached * piety under Cheibriados
  3831 | D:6      | Reached XP level 9. HP: 83/85 MP: 8/8
  3894 | D:6      | Found a burning altar of Makhleb.
  3942 | D:6      | Found a faded altar of an unknown god.
  3942 | D:6      | Found a glowing golden altar of the Shining One.
  3955 | D:6      | Found an opulent altar of Gozag.
  3957 | D:6      | Found an iron altar of Okawaru.
  3958 | D:6      | Found a faded altar of an unknown god.
  4482 | D:7      | Reached skill level 5 in Fighting
  4553 | D:9      | Noticed a troll
  4561 | D:9      | Killed a troll
  4561 | D:9      | Reached skill level 7 in Shields
  4647 | D:8      | Reached ** piety under Cheibriados
  4762 | D:7      | Noticed Pikel
  4779 | D:7      | Killed Pikel
  4779 | D:7      | Reached skill level 6 in Fighting
  4891 | D:7      | Noticed Duvessa
  4897 | D:7      | Killed Duvessa
  4897 | D:7      | Reached skill level 8 in Shields
  5020 | D:7      | Found a hazy altar of Hepliaklqana.
  5304 | D:7      | Noticed Dowan
  5315 | D:7      | Killed Dowan
  5485 | D:8      | Noticed a two-headed ogre
  5493 | D:7      | Reached skill level 1 in Invocations
  5513 | D:7      | Reached XP level 10. HP: 40/100 MP: 7/10
  5514 | D:7      | Reached *** piety under Cheibriados
  5697 | D:8      | Killed a two-headed ogre
  5697 | D:8      | Reached skill level 2 in Invocations
  5738 | D:8      | Noticed a two-headed ogre
  5755 | D:8      | Killed a two-headed ogre
  5755 | D:8      | Reached skill level 9 in Shields
  5755 | D:8      | Reached skill level 3 in Invocations
  5768 | D:8      | Noticed a two-headed ogre
  5774 | D:8      | Killed a two-headed ogre
  5774 | D:8      | Reached skill level 5 in Invocations
  5821 | D:8      | Noticed Psyche
  5829 | D:8      | Killed Psyche
  5969 | D:8      | Found a hide-covered altar of Uskayaw.
  5969 | D:8      | Found a glowing silver altar of Zin.
  5975 | D:8      | Reached skill level 6 in Invocations
  5985 | D:8      | Found an ornate altar of the Wu Jian Council.
  6465 | D:9      | Got an iridescent falchion
  6466 | D:9      | Identified the +7 falchion of Foolhardiness {slice, +Inv rElec Str+6 Int-2 Stlth-} (You found it on level 9 of the Dungeon)
  6533 | D:9      | Noticed a two-headed ogre
  6550 | D:9      | Killed a two-headed ogre
  6550 | D:9      | Reached skill level 1 in Throwing
  6550 | D:9      | Reached skill level 7 in Invocations
  6784 | D:9      | Reached **** piety under Cheibriados
  6786 | D:9      | Reached skill level 3 in Dodging
  6786 | D:9      | Reached XP level 11. HP: 106/106 MP: 15/15
  7211 | D:10     | Entered Level 10 of the Dungeon
  7342 | D:10     | Reached skill level 2 in Throwing
  7521 | D:10     | Reached ***** piety under Cheibriados
  7691 | D:10     | Reached skill level 8 in Invocations
  7789 | D:10     | Reached skill level 3 in Throwing
  7833 | D:10     | Found a staircase to the Lair.
  8153 | D:10     | Noticed a two-headed ogre
  8160 | D:10     | Killed a two-headed ogre
  8160 | D:10     | Reached skill level 4 in Dodging
  8409 | D:11     | Noticed a two-headed ogre
  8410 | D:11     | Noticed a two-headed ogre
  8416 | D:11     | Killed a two-headed ogre
  8416 | D:11     | Reached skill level 4 in Throwing
  8416 | D:11     | Reached skill level 9 in Invocations
  8421 | D:11     | Killed a two-headed ogre
  8528 | D:11     | Noticed a purple ugly thing
  8541 | D:11     | Killed a purple ugly thing
  8557 | D:11     | Reached skill level 5 in Throwing
  8639 | D:12     | Reached skill level 10 in Invocations
  8796 | D:12     | Reached XP level 12. HP: 115/115 MP: 18/18
  8888 | D:12     | Reached skill level 6 in Throwing
  8894 | D:12     | Reached ****** piety under Cheibriados
  8906 | D:12     | Noticed a two-headed ogre
  8907 | D:12     | Found a staircase to the Orcish Mines.
  8914 | D:12     | Killed a two-headed ogre
  9085 | Lair:1   | Entered Level 1 of the Lair of Beasts
  9096 | Lair:1   | Noticed Erica
  9097 | Lair:1   | Noticed Gastronok
  9106 | Lair:1   | Killed Erica
  9106 | Lair:1   | Reached skill level 7 in Throwing
  9248 | Lair:1   | Killed Gastronok
  9955 | Lair:2   | Reached skill level 8 in Throwing
  9955 | Lair:2   | Reached skill level 9 in Unarmed Combat
 10008 | Lair:2   | HP: 9/115 [oklob plant/splash of acid (9)]
 10008 | Lair:2   | Splashed by an oklob plant's acid

Vault maps used:
D:1:      saegor_arrival_simple_a
D:2:      lemuel_coloured_pillars_altar, tgw_kikubaaqudgha
D:3:      first_ration, chequers_ecumenical_altar_grove,
          nemelex_xobeh_ov_fountains_minmay, uniq_crazy_yiuf_cottage,
          uniq_jessica
D:4:      uniq_eustachio, uniq_grinder
D:5:      minmay_temple_entry_trees
D:6:      chequers_temple_overflow_minitemple, serial_shops, shop,
          corexii_shack, bloody_makhleb, uniq_sigmund
D:7:      overflow_temple_1_default, uniq_duvessa, uniq_pikel
D:8:      grunt_temple_overflow_open, uniq_psyche
D:9:      blue_anna_alchemist
D:10:     erik_lair_island, kb_lookout_dungeons_type
D:11:     minmay_misc_feat_cross, minmay_joined_circles
D:12:     kennysheep_blocky_room, erik_orc_1, minmay_misc_feat_plants,
          evilmike_surprise_oklob
D:13:     grunt_vaults_entry_fortified, serial_shops, shop,
          minmay_misc_feat_tiny, nicolae_transmutations_shop
Temple:   cyrus_circular_temple
Lair:1:   special_room, serial_bayou_shore_b, infiniplex_staircase_pool_2,
          uniq_gastronok, uniq_erica
Lair:2:   minivault_26, cheibrodos_lair_lostbears, grunt_megastairs_2,
          minmay_lair_oklob_chamber

Skill      XL: |  1  2  3  4  5  6  7  8  9 10 11 12 |
---------------+-------------------------------------+-----
Unarmed Combat | 3 4 5 6 8 9 |  9.2
Shields        | 3 4 5 6 8 9 |  9.1
Fighting       | 4 6 |  6.8
Invocations    | 1 7 10 | 10.3
Throwing       | 1 5 8 |  8.1
Dodging        | 3 4 |  4.0

Action                   |  1- 3 |  4- 6 |  7- 9 | 10-12 || total
-------------------------+-------+-------+-------+-------++-------
Melee: Unarmed           |   110 |    83 |   323 |   645 ||  1161
       Punch             |       |     1 |     3 |       ||     4
Throw: Tomahawk          |       |     2 |     9 |    31 ||    42
Invok: Bend Time         |       |       |     1 |    10 ||    11
       Temporal Distorti |       |       |       |     1 ||     1
Evoke: Wand              |       |       |       |    24 ||    24
  Use: Scroll            |       |     3 |    13 |     2 ||    18
       Potion            |       |       |     3 |     3 ||     6
 Stab: Sleeping          |       |       |     1 |     4 ||     5
  Eat: Chunk             |    15 |     5 |    32 |    28 ||    80
Armor: Robe              |    34 |    19 |    59 |    87 ||   199
       Troll leather arm |       |       |       |    71 ||    71
       Skin              |       |       |       |     3 ||     3
Dodge: Dodged            |    42 |    36 |    79 |   247 ||   404
Block: Shield            |     2 |       |    88 |   506 ||   596

Table legend:
 A = Spawn XP
 B = Non-spawn XP
 C = Spawn XP percentage of total XP
 D = Spawn monster count
 E = Non-spawn monster count
 F = Spawn count percentage of total count
 G = Total turns spent on level
                    A         B        C        D         E        F      G
               +---------+---------+-------+---------+---------+-------+---------
         Total |       0 |   31878 |   0.0 |       0 |     368 |   0.0 | 10008
               +---------+---------+-------+---------+---------+-------+---------
           D:1 |       0 |      32 |   0.0 |       0 |      18 |   0.0 |   650
           D:2 |       0 |     113 |   0.0 |       0 |      27 |   0.0 |   859
           D:3 |       0 |     188 |   0.0 |       0 |      18 |   0.0 |   647
           D:4 |       0 |    1343 |   0.0 |       0 |      33 |   0.0 |   706
           D:5 |       0 |     437 |   0.0 |       0 |      10 |   0.0 |   770
           D:6 |       0 |     728 |   0.0 |       0 |      16 |   0.0 |   845
           D:7 |       0 |    1841 |   0.0 |       0 |      26 |   0.0 |  1103
           D:8 |       0 |    4016 |   0.0 |       0 |      32 |   0.0 |   548
           D:9 |       0 |    2468 |   0.0 |       0 |      34 |   0.0 |  1043
          D:10 |       0 |    3911 |   0.0 |       0 |      48 |   0.0 |   966
          D:11 |       0 |    5768 |   0.0 |       0 |      36 |   0.0 |   515
          D:12 |       0 |    2732 |   0.0 |       0 |      24 |   0.0 |   345
          D:13 |       0 |     669 |   0.0 |       0 |       9 |   0.0 |    48
        Lair:1 |       0 |    6451 |   0.0 |       0 |      33 |   0.0 |   859
        Lair:2 |       0 |    1181 |   0.0 |       0 |       4 |   0.0 |    64
               +---------+---------+-------+---------+---------+-------+---------
